 Dungeon Crawl Stone Soup version 0.31.0-4-g52a2dc7128 (webtiles) character file.

Game seed: 9702259072518708283

51 Bobbunny the Sneak (level 4, -5/26 HPs)
             Began as a Kobold Brigand on Jan 21, 2024.
             Slain by Ijyb
             ... wielding a +6 dagger of venom
              (8 damage)
             ... on level 3 of the Dungeon.
             The game lasted 00:01:46 (1526 turns).

Bobbunny the Sneak (Kobold Brigand)                 Turns: 1526, Time: 00:01:47

Health: -5/26      AC:  3    Str:  8    XL:     4   Next: 5%
Magic:  4/4        EV: 14    Int: 12    God:
Gold:   100        SH:  0    Dex: 18    Spells: 3/3 levels left

rFire   . . .        a - +2 dagger
rCold   . . .        (no shield)
rNeg    . . .        b - +0 robe
rPois   .            (no helmet)
rElec   .            c - +0 cloak
rCorr   .            (no gloves)
SInv    .            (no boots)
Will    .....        (no amulet)
Stlth   ++++         (no ring)
HPRegen 0.24/turn    (no ring)
MPRegen 0.09/turn

%: no passive effects
@: lethally poisoned (-5 -> -14)
A: small, no large weapons, nightstalker 3
a: no special abilities


You were on level 3 of the Dungeon.
You visited 1 branch of the dungeon, and saw 3 of its levels.

You collected 100 gold pieces.

Inventory:

Hand Weapons
 a - a +2 dagger (weapon)
Missiles
 d - 9 poisoned darts (quivered)
 e - 2 curare-tipped darts
Armour
 b - a +0 robe (worn)
 c - a +0 cloak (worn)
Scrolls
 g - a scroll of torment {unknown}
 i - 5 scrolls of identify {unknown}
 k - a scroll of enchant armour {unknown}
 l - a scroll of teleportation {unknown}
Potions
 f - 2 potions of curing
 h - 2 potions of mutation {unknown}
 j - a potion of brilliance {unknown}


   Skills:
 - Level 2.1 Fighting
 + Level 4.2 Short Blades
 - Level 2.1 Throwing
 - Level 1.2 Dodging
 + Level 6.4 Stealth


You had 3 spell levels left.
You didn't know any spells.
Your spell library contained the following spells:

 Spells                   Type           Power      Damage    Failure   Level
 Sandblast                Erth           0%         2d4       32%         1
 Shock                    Conj/Air       0%         1d3       32%         1
 Scorch                   Fire           0%         2d5       45%         2
 Passwall                 Erth           0%         N/A       69%         3
 Stone Arrow              Conj/Erth      0%         3d7       69%         3
 Swiftness                Air            0%         N/A       69%         3
 Airstrike                Air            0%         2d(0-16)  97%         4
 Brom's Barrelling Bould  Conj/Erth      0%         2d3       97%         4
 Flame Wave               Conj/Fire      0%         2d4       97%         4
 Summon Cactus Giant      Summ           0%         N/A       100%        6


Dungeon Overview and Level Annotations

Branches:
Dungeon (3/15)

Altars:
Kikubaaqudgha
Qazlal

Shops:
D:3 [[

Annotations:
D:3 Ijyb


Innate Abilities, Weirdness & Mutations

You are small and have problems with some larger weapons.
You are completely attuned to the shadows.


Message History

Ijyb hits you with a +6 dagger of venom.
You hit Ijyb.
Ijyb is lightly wounded.
Ijyb zaps a wand.
The roots erupt in riotous growth!
The grasping roots grab you!
Ijyb is unaffected.
The grasping roots constrict you.
You closely miss Ijyb.
Ijyb is lightly wounded.
Ijyb barely misses you. The grasping roots constrict you.
You hit Ijyb but do no damage.
Ijyb is lightly wounded.
Ijyb hits you with a +6 dagger of venom.
You are lethally poisoned!
The grasping roots constrict you.
* * * LOW HITPOINT WARNING * * *
Throw: 3 darts (curare)
Press: ? - help, Shift-Dir - straight line, f - Ijyb
Aim: Ijyb, wielding a +6 dagger of venom, wearing a +0 leather armour and carrying a wand of roots (lightly wounded, 53% to hit)
You throw a curare-tipped dart. The curare-tipped dart hits Ijyb.
Ijyb is poisoned.
Ijyb struggles to breathe.
Ijyb seems to slow down.
Ijyb is moderately wounded.
* * * LOW HITPOINT WARNING * * *
You feel very sick.
The grasping roots release their grip on you.
Unknown command.
It was a potion of curing.
You feel better. Ijyb misses you.
You hit Ijyb.
Ijyb is heavily wounded.
You hit Ijyb but do no damage.
Ijyb is heavily wounded.
Ijyb hits you with a +6 dagger of venom!
* * * LOW HITPOINT WARNING * * *
You are lethally poisoned!
You barely miss Ijyb.
Ijyb is heavily wounded.
* * * LOW HITPOINT WARNING * * *
You feel sick.
Ijyb hits you with a +6 dagger of venom!
You die...

#........#
#.######.## #.# ##.##
#.# ##...# #...# #.#
##.#.#. #...## #.#
#...... #....# #.#
##.#.#. #.#g.# #.#
#....# ##.@.# #.#
#.#.## #....# #[#
##.#.##
......#####.###....#
##.................#
############.##...##
..................###
####.#.##########.##.
#.#.# #.##. #.#.#
#.##.


You could see Ijyb (very poisoned, slow).

Vanquished Creatures
  An adder (D:3)
  A dart slug (D:3)
  A ribbon worm (D:2)
  An orc (D:3)
  3 ball pythons
  2 bats (D:1)
  4 endoplasms (D:1)
  2 giant cockroaches
  5 goblins
  3 hobgoblins (D:1)
  5 kobolds
  A quokka (D:2)
  2 frilled lizards (D:1)
  A rat (D:2)
32 creatures vanquished.

Notes
Turn   | Place    | Note
-------+----------+-------------------------------------------
     0 | D:1      | Bobbunny the Kobold Brigand began the quest for the Orb.
     0 | D:1      | Reached XP level 1. HP: 12/12 MP: 1/1
   175 | D:1      | Reached XP level 2. HP: 9/17 MP: 2/2
   391 | D:1      | Reached XP level 3. HP: 7/21 MP: 3/3
   397 | D:1      | Reached skill level 6 in Stealth
   527 | D:1      | Found a faded altar of an unknown god.
   886 | D:2      | Found a stormy altar of Qazlal.
  1332 | D:3      | Found an ancient bone altar of Kikubaaqudgha.
  1388 | D:3      | Found Viedghua's Armour Boutique.
  1392 | D:3      | Reached XP level 4. HP: 26/26 MP: 4/4
  1399 | D:3      | Found Lihyllah's Armour Emporium.
  1513 | D:3      | Noticed Ijyb
  1526 | D:3      | Slain by Ijyb

Illustrated notes

Levels and vault maps discovered:
D:1:      psy_arrival_conway, layout_rooms, dreamdust_ecumenical_altar_grove,
          minmay_misc_feat_secret_circle, chequers_serial_rivers_micro_e,
          kennysheep_crisscross, minmay_surrounded
D:2:      layout_basic, basic_altar, minmay_statues_item
D:3:      layout_loops_ring, overflow_temple_1_default, serial_shops,
          nicolae_shop_pleasant_corner_grove, nicolae_shop_hallway_stairs, shop,
          nicolae_shop_advertising_works [nicolae_subvault_shop_adworks],
          uniq_natasha, uniq_ijyb

Skill      XL: |  1  2  3 |
---------------+----------+-----
Short Blades   | 3 4 |  4.2
Stealth        | 6 |  6.4
Fighting       | |  2.1
Throwing       | |  2.1
Dodging        | |  1.2

Action                     |  1- 3 |  4- 6 || total
---------------------------+-------+-------++-------
  Melee: Dagger            |    92 |    10 ||   102
  Throw: Dart              |       |     1 ||     1
    Use: Potion            |       |     1 ||     1
   Stab: Sleeping          |    12 |     1 ||    13
 Armour: Robe              |    36 |     4 ||    40
  Dodge: Dodged            |    50 |     3 ||    53
